 Dungeon Crawl Stone Soup version 0.30-b1-2-g02819fbbbe (webtiles) character file.

Game seed: 10935612926775366849

1 Alarkh the Magician (level 1, 0/13 HPs)
             Began as a Demonspawn Hedge Wizard on May 30, 2023.
             Slain by a quokka (2 damage)
             ... on level 1 of the Dungeon.
             The game lasted 00:00:40 (95 turns).

Alarkh the Magician (Demonspawn Hedge Wizard)         Turns: 95, Time: 00:00:41

Health: 0/13       AC:  2    Str: 10    XL:     1   Next: 16%
Magic:  0/4        EV: 12    Int: 15    God:
Gold:   0          SH:  0    Dex: 12    Spells: 5/6 levels left

rFire   . . .        a - +0 dagger
rCold   . . .        (no shield)
rNeg    . . .        b - +0 robe
rPois   .            c - +0 hat
rElec   .            (no cloak)
rCorr   .            (no gloves)
SInv    .            (no boots)
Will    .....        (no amulet)
Stlth   ++           (no ring)
HPRegen 0.22/turn    (no ring)
MPRegen 0.09/turn

%: no passive effects
@: no status effects
A: no striking features
a: no special abilities


You were on level 1 of the Dungeon.
You visited 1 branch of the dungeon, and saw 1 of its levels.

Inventory:

Hand Weapons
 a - a +0 dagger (weapon)
Armour
 b - a +0 robe (worn)
 c - a +0 hat (worn)
Scrolls
 f - a scroll of noise {unknown}
 g - a scroll of butterflies {unknown}
Potions
 d - a potion of magic
 e - a potion of curing {unknown}


   Skills:
 + Level 1.7 Dodging
 + Level 1.7 Stealth
 + Level 3.0 Spellcasting
 + Level 1.0 Conjurations
 + Level 1.0 Summonings
 + Level 0.8 Translocations


You had 5 spell levels left.
You knew the following spells:

 Your Spells              Type           Power      Damage    Failure   Level
a - Magic Dart            Conj           20%        1d4       13%         1

Your spell library contained the following spells:

 Spells                   Type           Power      Damage    Failure   Level
 Slow                     Hex            8%         N/A       21%         1
 Call Imp                 Summ           10%        N/A       21%         2
 Blink                    Tloc           8%         N/A       22%         2
 Cigotuvi's Dreadful Rot  Necr/Pois/Air  4%         N/A       30%         2
 Mephitic Cloud           Conj/Pois/Air  3%         N/A       45%         3


Dungeon Overview and Level Annotations

Branches:
Dungeon (1/15)

Altars:


Message History

You hit the quokka but do no damage. The quokka closely misses you.
The bat hits you. The bat attacks as you move away! The bat closely misses you.
The bat barely misses you. The quokka attacks as you move away!
The quokka bites you. The quokka closely misses you.
The quokka barely misses you. The bat misses you.
The bat hits you but does no damage. The bat hits you.
The bat closely misses you. x2
You closely miss the bat. The bat hits you.
You miss the bat. The bat hits you. The bat closely misses you.
You closely miss the bat. The bat barely misses you.
The bat closely misses you.
Casting: Magic Dart (safe; 13% risk of failure)
Confirm with . or Enter, or press ? or * to list all spells.
Aiming: Magic Dart (safe; 13% risk of failure)
Press: ? - help, Shift-Dir - straight line, f/p - quokka
Aim: a quokka (100% to hit)
The magic dart hits the bat.
You kill the bat!
You miss the quokka. The quokka bites you. The quokka closely misses you.
You barely miss the quokka. The quokka bites you.
You hit the quokka.
The quokka is heavily wounded.
The quokka closely misses you.
You barely miss the quokka.
The quokka is heavily wounded.
The quokka barely misses you.
Casting: Magic Dart (safe; 13% risk of failure)
Confirm with . or Enter, or press ? or * to list all spells.
Aiming: Magic Dart (safe; 13% risk of failure)
Press: ? - help, Shift-Dir - straight line, f/p - quokka
Aim: a quokka (heavily wounded, 100% to hit)
The magic dart hits the quokka but does no damage.
The quokka is heavily wounded.
The quokka bites you.
* * * LOW HITPOINT WARNING * * *
The quokka attacks as you move away! The quokka bites you.
You die...

#..................
#######....<....###
####...#### ##...##
##..⌠..## ##
#####.......## # #$
#.##..⌠...⌠..###
##.##.#
#######.......⌠.......
#......
#..lr@..###.......###.
#..)...##.#######
######### #.........#
######...........
#.##..)..... #.
#........ #. #########
.. ..


You could see a quokka and a frilled lizard.

Vanquished Creatures
  A bat (D:1)
  A goblin (D:1)
2 creatures vanquished.

Notes
Turn   | Place    | Note
-------+----------+-------------------------------------------
     0 | D:1      | Alarkh the Demonspawn Hedge Wizard began the quest for the
                  | Orb.
     0 | D:1      | Reached XP level 1. HP: 13/13 MP: 4/4
    95 | D:1      | Slain by a quokka

Illustrated notes

Levels and vault maps discovered:
D:1:      dpeg_arrival_leaves_temple_mockup, layout_rooms,
          shapermc_ecumenical_altar_flowoftime, minmay_misc_feat_four_crosses,
          kennysheep_doodads, serial_park_tiny_pond

Action                     || total
---------------------------++-------
  Melee: Dagger            ||    10
   Cast: Magic Dart        ||     5
 Armour: Robe              ||     1
  Dodge: Dodged            ||    16
